 Dungeon Crawl Stone Soup version 0.19.4-9-g45fd643 (webtiles) character file.

331 galech the Ruffian (level 6, 0/62 HPs)
             Began as a Troll Monk on Feb 20, 2017.
             Killed by divine providence
             ... invoked by an orc priest
              (11 damage)
             ... on level 3 of the Dungeon.
             The game lasted 00:05:03 (1900 turns).

galech the Ruffian (Troll Monk)                     Turns: 1900, Time: 00:05:04

Health: 0/62       AC:  4    Str: 22    XL:     6   Next: 26%
Magic:  5/5        EV: 11    Int:  6    God:
Gold:   196        SH:  0    Dex: 12    Spells: 0 memorised, 5 levels left

rFire  . . .     SeeInvis .       - Unarmed
rCold  . . .     Gourm    +     (armour restricted)
rNeg   . . .     Faith    .     (no shield)
rPois  .         Spirit   .     (helmet restricted)
rElec  .         Reflect  .     m - +0 cloak
rCorr  .         Harm     .     (gloves unavailable)
MR     .....                    (boots unavailable)
Stlth  ++........               (no amulet)
                                (no ring)
                                (no ring)

@: no status effects
A: unfitting armour, claws 3, fast metabolism 3, gourmand, regeneration 1,
shaggy fur 1, tough skin 2
a: no special abilities


You were on level 3 of the Dungeon.
You were completely stuffed.

You visited 1 branch of the dungeon, and saw 3 of its levels.

You collected 196 gold pieces.

Inventory:

Armour
 j - a +2 robe of positive energy
 m - a +0 cloak (worn)
Wands
 a - a wand of iceblast (10/15)
Scrolls
 c - a scroll of identify
 i - a scroll of enchant weapon
 o - a scroll of immolation {unknown}
Potions
 d - 4 potions of degeneration {unknown}
 e - 7 potions of curing {unknown}
 g - a potion of cancellation {unknown}
 k - a potion of mutation {unknown}
 n - a potion of invisibility {unknown}
Comestibles
 b - 6 bread rations
 f - a beef jerky
 h - 9 chunks of flesh
 l - 3 fruits


   Skills:
 + Level 4.0 Fighting
 + Level 3.7 Dodging
 - Level 1.0 Stealth
 + Level 4.8 Unarmed Combat


You had 5 spell levels left.
You didn't know any spells.

Dungeon Overview and Level Annotations

Branches:
Dungeon (3/15)

Altars:
Qazlal


Innate Abilities, Weirdness & Mutations

You are too large for most types of armour.
You have claws for hands.
Your metabolism is lightning-fast.
You like to eat raw meat.
Your natural rate of healing is unusually fast.
You are covered in fur. (AC +1)
You have very tough skin. (AC +2)


Message History

You are too injured to fight recklessly!
You barely miss the orc priest.
The orc priest is severely wounded.
The orc priest hits you with a club.
* * * LOW HITPOINT WARNING * * *
You closely miss the orc priest.
The orc priest is severely wounded.
Something hits you.
* * * LOW HITPOINT WARNING * * *
The orc priest invokes the aid of Beogh against you.
You barely resist. Something hits you but does no damage. Something hits you.
* * * LOW HITPOINT WARNING * * *
Things that are here:
a flail; a ring mail; an orc corpse
Things that are here:
a dagger; a robe The orc priest invokes the aid of Beogh against you.
Beogh smites you!
You die...

..# ..#.##.# #..# #.##.#
# ...# #. #.# .#.# ..
#.# .#.# ## .## .#.#
##### .. .#.# ##... .#
...###..### ##.#
.)........######@.#
..#.#.#.#......).##
..............o###
..#.#.#.#....{.).#
..........######.o......
..#.#.#.#...############
.....................#
..#.#.#.#.##.........#
..........##.........#


You could see an orc priest.

Vanquished Creatures
  Crazy Yiuf (D:2)
  An orc priest (D:3)
  An orc wizard (D:3)
  Jessica (D:2)
  Natasha (thrice) (D:2)
  5 adders
  2 oozes
  A worm (D:3)
  2 dart slugs (D:1)
  3 leopard geckos
  8 orcs (D:3)
  2 ball pythons (D:1)
  6 giant cockroaches
  8 goblins
  5 hobgoblins
  2 jackals (D:1)
  A quokka (D:2)
  7 bats
  7 frilled lizards
  6 kobolds
  8 rats
80 creatures vanquished.

Vanquished Creatures (others)
  A kobold (D:2)
1 creature vanquished.

Grand Total: 81 creatures vanquished

Notes
Turn   | Place    | Note
-------+----------+-------------------------------------------
     0 | D:1      | galech the Troll Monk began the quest for the Orb.
     0 | D:1      | Reached XP level 1. HP: 22/22 MP: 0/0
   108 | D:1      | Reached XP level 2. HP: 29/29 MP: 1/1
   356 | D:1      | Reached XP level 3. HP: 25/36 MP: 2/2
   783 | D:2      | Noticed Jessica
   793 | D:2      | Killed Jessica
   793 | D:2      | Reached XP level 4. HP: 41/45 MP: 3/3
   966 | D:2      | Found a stormy altar of Qazlal.
  1089 | D:2      | Noticed Natasha
  1097 | D:2      | Killed Natasha
  1130 | D:2      | Found a runed door.
  1240 | D:2      | Noticed Natasha
  1247 | D:2      | Killed Natasha
  1247 | D:2      | Reached XP level 5. HP: 43/53 MP: 4/4
  1413 | D:2      | Noticed Natasha
  1419 | D:2      | Killed Natasha
  1465 | D:2      | Noticed Crazy Yiuf
  1472 | D:2      | Killed Crazy Yiuf
  1696 | D:3      | Reached XP level 6. HP: 54/62 MP: 5/5
  1900 | D:3      | Killed from afar by an orc priest

Skill      XL: |  1  2  3  4  5  6 |
---------------+-------------------+-----
Fighting       | 3 4 |  4.0
Dodging        | 3 |  3.7
Unarmed Combat | 4 |  4.8
Stealth        | |  1.0

Action                   |  1- 3 |  4- 6 || total
-------------------------+-------+-------++-------
Melee: Unarmed           |    98 |   129 ||   227
       Punch             |       |     3 ||     3
  Use: Scroll            |       |     4 ||     4
 Stab: Sleeping          |     3 |     1 ||     4
  Eat: Chunk             |    13 |    10 ||    23
Armor: Robe              |    45 |    34 ||    79
       Skin              |       |     7 ||     7
Dodge: Dodged            |    47 |    81 ||   128
